 Dungeon Crawl Stone Soup version 0.31-a0-859-g9dce7d3444 (webtiles) character file.

Game seed: 10848238578457866595

4396 lonewolfV2 the Blocker (level 10, -4/79 HPs)
             Began as a Formicid Fighter on Oct 3, 2023.
             Was an Initiate of Gozag.
             Drowned by a water elemental (8 damage)
             ... on level 10 of the Dungeon on Oct 9, 2023.
             The game lasted 00:16:06 (10063 turns).

lonewolfV2 the Blocker (Formicid Fighter)          Turns: 10063, Time: 00:16:07

Health: -4/79      AC:  8    Str: 24    XL:     10   Next: 61%
Magic:  0/10       EV: 10    Int:  7    God:    Gozag
Gold:   917        SH: 22    Dex: 21    Spells: 9/9 levels left

rFire   . . .        x - +3 hand axe (flame)
rCold   . . .        q - +4 tower shield of Xom's Respect {rElec Slay+2}
rNeg    . . .        b - +0 scale mail
rPois   .            (helmet unavailable)
rElec   +            (no cloak)
rCorr   .            (no gloves)
SInv    +            (no boots)
Will    +....        h - amulet of guardian spirit
Stlth   +            w - +6 ring of dexterity
HPRegen 0.33/turn    (no ring)
MPRegen 0.12/turn

%: guardian spirit
@: engulfed (cannot breathe), gold aura, studying Fighting
A: permanent stasis, dig shafts and tunnels, antennae 3, four strong arms
a: Dig, Shaft Self, Renounce Religion, Potion Petition, Call Merchant, Bribe
Branch


You were on level 10 of the Dungeon.
You worshipped Gozag.
Gozag was pleased with you.
You visited 1 branch of the dungeon, and saw 10 of its levels.
You also visited: Sewer.

You collected 1678 gold pieces.
You spent 761 gold pieces at shops.

Inventory:

Hand Weapons
 a - a +0 war axe
 x - a +3 hand axe of flaming (weapon)
 A - a +1 broad axe of venom
Armour
 b - a +0 scale mail (worn)
 c - a +1 buckler
 q - the +4 tower shield of Xom's Respect (worn) {rElec Slay+2}
   (You acquired it on level 5 of the Dungeon)

   Slay+2:    It affects your accuracy & damage with ranged weapons and melee
   (+2).
   rElec:     It insulates you from electricity.
 t - the +0 robe of Shadows and Fog {Slay+2}
   (You found it on level 5 of the Dungeon)

   Slay+2:    It affects your accuracy & damage with ranged weapons and melee
   (+2).
Jewellery
 h - an amulet of guardian spirit (around neck)
 v - an amulet of the acrobat
 w - a +6 ring of dexterity (left hand)
Wands
 l - a wand of flame (59)
 s - a wand of iceblast (12)
 D - a wand of digging (11)
 E - a wand of light (6)
 F - a wand of mindburst (5)
 G - a wand of paralysis (4)
Scrolls
 e - 4 scrolls of teleportation
 k - 3 scrolls of immolation
 u - a scroll of noise
 y - 2 scrolls of amnesia
 C - a scroll of fear
Potions
 d - a potion of might
 f - a potion of curing
 g - a potion of invisibility
 i - 2 potions of mutation
 j - 4 potions of enlightenment
 m - a potion of cancellation
 n - 3 potions of degeneration
 o - a potion of berserk rage
 p - 2 potions of heal wounds
 r - a potion of attraction {unknown}
 z - a potion of haste {unknown}
 B - a potion of lignification {unknown}


   Skills:
 + Level 7.1 Fighting
 + Level 9.4 Axes
 + Level 7.9 Armour
 + Level 3.3 Dodging
 + Level 2.5 Stealth
 + Level 9.6 Shields


You had 9 spell levels left.
You didn't know any spells.
Your spell library contained the following spells:

 Spells                   Type           Power      Damage    Failure   Level
 Apportation              Tloc           0%         N/A       98%         1
 Necrotise                Necr           0%         1d4       98%         1
 Summon Small Mammal      Summ           0%         N/A       98%         1
 Call Canine Familiar     Summ           0%         N/A       100%        3
 Dazzling Flash           Conj/Hex       0%         N/A       100%        3
 Summon Guardian Golem    Hex/Summ       0%         N/A       100%        3
 Vampiric Draining        Necr           0%         2d6       100%        3
 Volatile Blastmotes      Fire/Tloc      0%         2d10      100%        3
 Fulminant Prism          Conj/Hex       0%         3d5       100%        4
 Iskenderun's Mystic Bla  Conj/Tloc      0%         2d3       100%        4
 Agony                    Necr           0%         N/A       100%        5
 Arcjolt                  Conj/Air       0%         1d10      100%        5
 Starburst                Conj/Fire      0%         6d3       100%        6
 Maxwell's Capacitive Co  Air            0%         ∞         100%        8
 Vhi's Electric Charge    Tloc/Air       Unusable   N/A       N/A         4

Dungeon Overview and Level Annotations

Branches:
Dungeon (10/15)            Temple (0/1) D:6           Sewer (visited)
   Lair: D:8-11         Orc: D:9-12

Altars:
Ashenzari
Elyvilon
Fedhas
Gozag
Hepliaklqana
Kikubaaqudgha
Makhleb
Ru
Sif Muna
Trog
Vehumet
Wu Jian
Xom
The Shining One

Shops:
D:5 ?   D:7 (

Annotations:
D:4 2 transporters, Splishie's ghost, amateur GnSh


Innate Abilities, Weirdness & Mutations

You cannot be hasted, slowed, berserked, paralysed or teleported.
You can dig through walls and to a lower floor.
You have a pair of large antennae on your head. (SInv)
Your four strong arms can wield two-handed weapons with a shield.


Message History

You hit the water elemental. You burn the water elemental.
The water elemental is moderately damaged.
You hit the water elemental. You burn the water elemental.
The water elemental hits you!
The water elemental engulfs you in water!
You block the water elemental's attack.
You hit the water elemental. You burn the water elemental.
The water elemental is heavily damaged.
You hit the water elemental. You burn the water elemental.
Your lungs strain for air!
You block the water elemental's attack. x2; The water elemental hits you!
You slash the water elemental! You burn the water elemental.
You destroy the water elemental!
You hit the water elemental. You burn the water elemental.
Your lungs strain for air!
You block the water elemental's attack.
You hit the water elemental. You burn the water elemental.
The water elemental is almost destroyed.
* * * LOW HITPOINT WARNING * * *
Your lungs strain for air!
You block the water elemental's attack.
You barely miss the water elemental.
The water elemental is almost destroyed.
* * * LOW HITPOINT WARNING * * *
Your lungs strain for air!
You block the water elemental's attack.
You feel better.
* * * LOW HITPOINT WARNING * * *
Your lungs strain for air!
The water elemental hits you.
* * * LOW HITPOINT WARNING * * *
You hit the water elemental. You burn the water elemental.
The water elemental is almost destroyed.
* * * LOW HITPOINT WARNING * * *
Your lungs strain for air!
You block the water elemental's attack.
You hit the water elemental but do no damage.
The water elemental is almost destroyed.
You die...
Your body crumbles into a pile of gold.

.# .# { .. # ###
#.# .# #≈~~##
#.##..# ≈≈.~..#
......#
≈≈~†...####.##..#{
≈≈~.†.E@....#...#
≈~≈..?.$.....##.#{
≈~≈.........###.#{{
≈≈~~$..####.# #.#
≈~≈~.†##....# #.#
#≈..## #.##.# #.#
#### #....###.#
#.....##.#
##...#.#.# {


You could see a water elemental.

Vanquished Creatures
  Sigmund (D:4)
  A wyvern (D:9)
  2 water elementals (D:10)
  Grum (D:8)
  2 water moccasins
  6 ice beasts
  3 orc warriors (D:9)
  A black bear (D:7)
  3 wolves (D:8)
  A phantom (D:4)
  3 kobold brigands
  3 bullfrogs
  A scorpion (D:6)
  9 wights
  5 killer bees (D:9)
  An electric eel (D:8)
  A howler monkey (D:8)
  5 orc priests
  5 hounds
  3 iguanas
  8 orc wizards
  Natasha (thrice) (D:4)
  Ijyb (D:4)
  3 gnolls (D:2)
  11 adders
  4 shadow imps
  3 white imps
  A worm (D:4)
  A dart slug (D:1)
  32 orcs
  4 bats
  6 endoplasms
  5 giant cockroaches
  2 goblins
  6 hobgoblins
  6 jackals
  14 kobolds
  4 quokkas
  8 ball pythons
  2 frilled lizards (D:1)
  10 rats
191 creatures vanquished.

Notes
Turn   | Place    | Note
-------+----------+-------------------------------------------
     0 | D:1      | lonewolfV2 the Formicid Fighter began the quest for the
                  | Orb.
     0 | D:1      | Reached XP level 1. HP: 18/18 MP: 1/1
   109 | D:1      | Found a faded altar of an unknown god.
   137 | D:1      | Prayed at the altar of an unknown god.
   137 | D:1      | Became a worshipper of Gozag Ym Sagoz the Greedy
   144 | D:1      | Reached XP level 2. HP: 24/24 MP: 2/2
   475 | D:1      | Reached XP level 3. HP: 29/29 MP: 3/3
   972 | D:2      | Reached XP level 4. HP: 26/37 MP: 4/4
  1706 | D:3      | Reached skill level 5 in Shields
  1706 | D:3      | Reached XP level 5. HP: 42/42 MP: 5/5
  1755 | D:3      | Found an ornate altar of the Wu Jian Council.
  1755 | D:3      | Found a hazy altar of Hepliaklqana.
  1963 | D:3      | Found a bloodstained altar of Trog.
  2492 | D:3      | Found a broken altar of Ashenzari.
  2493 | D:3      | Found a burning altar of Makhleb.
  2856 | D:4      | Found a transporter.
  2862 | D:4      | Reached XP level 6. HP: 48/48 MP: 6/6
  2871 | D:4      | Noticed Splishie's ghost (amateur GnSh)
  2889 | D:4      | Found a transporter.
  2890 | D:4      | Noticed Natasha
  2895 | D:4      | Killed Natasha
  2954 | D:4      | Found a glowing drain.
  2979 | Sewer    | Entered a sewer
  3077 | Sewer    | Reached skill level 1 in Dodging
  3083 | Sewer    | Reached XP level 7. HP: 38/55 MP: 7/7
  3172 | Sewer    | Found a white marble altar of Elyvilon.
  3215 | Sewer    | Upgraded the game from 0.31-a0-846-gb3bcc0d938 to
                  | 0.31-a0-859-g9dce7d3444
  3339 | D:4      | Noticed Ijyb
  3358 | D:4      | Killed Ijyb
  3604 | D:4      | Noticed Sigmund
  3630 | D:4      | Found a shimmering altar of Xom.
  3649 | D:4      | Killed Sigmund
  3650 | D:4      | Reached skill level 5 in Axes
  3650 | D:4      | Reached skill level 1 in Stealth
  3659 | D:4      | Noticed Natasha
  3677 | D:4      | Killed Natasha
  3759 | D:4      | Noticed Natasha
  3768 | D:4      | Killed Natasha
  3925 | D:4      | Reached skill level 5 in Armour
  3925 | D:4      | Reached XP level 8. HP: 57/61 MP: 8/8
  4151 | D:5      | Entered Level 5 of the Dungeon
  4387 | D:5      | Found a white marble altar of Elyvilon.
  4542 | D:5      | Found Begususm's Magic Scroll Boutique.
  4545 | D:5      | Bought a scroll of acquirement for 572 gold pieces
  4545 | D:5      | Acquired the +4 tower shield of Xom's Respect {rElec
                  | Slay+2}
  4649 | D:5      | Reached skill level 5 in Fighting
  4653 | D:5      | Identified the +0 robe of Shadows and Fog {Slay+2}
  4747 | D:5      | Found a radiant altar of Vehumet.
  4817 | D:5      | Found an opulent altar of Gozag.
  4821 | D:5      | Found a shimmering blue altar of Sif Muna.
  4821 | D:5      | Found a glowing golden altar of the Shining One.
  4829 | D:5      | Found an ancient bone altar of Kikubaaqudgha.
  4832 | D:5      | Found a blossoming altar of Fedhas.
  6084 | D:6      | Found a staircase to the Ecumenical Temple.
  6090 | D:6      | Reached XP level 9. HP: 68/68 MP: 9/9
  6929 | D:7      | Found Fott's Antique Weapon Boutique.
  6957 | D:7      | Bought a runed broad axe for 189 gold pieces
  7946 | D:8      | Reached XP level 10. HP: 62/76 MP: 8/10
  8079 | D:8      | Noticed Grum
  8097 | D:8      | Killed Grum
  8867 | D:9      | Found a sacrificial altar of Ru.
 10025 | D:10     | Entered Level 10 of the Dungeon
 10039 | D:10     | Noticed a deep troll
 10063 | D:10     | Drowned by a water elemental

Illustrated notes

Levels and vault maps discovered:
D:1:      minmay_arrival_checkered_box, layout_basic,
          chequers_ecumenical_altar_island, minmay_small_reverse_x
D:2:      layout_basic, minmay_misc_feat_square, nicolae_grassy_gnolls
D:3:      layout_basic, mainiacjoe_overflow_small_starburst,
          gammafunk_temple_overflow_pools, gammafunk_temple_overflow_wave
D:4:      layout_basic, lemuel_tele_altar, gammafunk_ghost_stat_death,
          cheibrodos_sewer_entry_drain, uniq_natasha, uniq_ijyb, uniq_sigmund
D:5:      layout_gridville, mainiacjoe_overflow_24_doors,
          minmay_overflow_temple_star_hex, kennysheep_mini, serial_shops,
          nicolae_shop_behind_doors, minmay_checkerbox
D:6:      layout_cave_pools, minmay_temple_entry_large_hall,
          nicolae_benzene_ring, minmay_statues_item, hangedman_glass_teeth,
          st_stairs_8
D:7:      layout_loops_ring, serial_shops, nicolae_shop_hallway_plus,
          minmay_misc_feat_iff
D:8:      layout_basic, uniq_grum
D:9:      layout_loops_ring, nicolae_ru_path_of_blood, lemuel_flame_loot_1
D:10:     minmay_the_grid_3x3 [minmay_the_grid_stretched_grid,
          minmay_the_grid_tree, minmay_the_grid_pillar_ring,
          minmay_the_grid_large_cup, minmay_the_grid_gridbox,
          minmay_the_grid_paths, minmay_the_grid_dragon_a,
          minmay_the_grid_expand, minmay_the_grid_prize_four_corners],
          layout_loops_ring, grunt_dithmenos_smoke, orc_0_dummy, special_room
          [special_room_bee], gammafunk_ghost_wrathful_warriors,
          nicolae_underground_beach

Skill      XL: |  1  2  3  4  5  6  7  8  9 10 |
---------------+-------------------------------+-----
Fighting       | 4 5 6 7 |  7.1
Shields        | 5 6 8 9 |  9.6
Axes           | 3 4 5 7 8 9 |  9.4
Armour         | 4 5 6 7 |  7.9
Dodging        | 1 2 3 |  3.3
Stealth        | 1 2 |  2.5

Action                     |  1- 3 |  4- 6 |  7- 9 | 10-12 || total
---------------------------+-------+-------+-------+-------++-------
  Melee: War axe           |    67 |   107 |   194 |       ||   368
         Hand axe          |       |       |   114 |   140 ||   254
    Use: Scroll            |       |     8 |     7 |     3 ||    18
         Potion            |       |     2 |       |     1 ||     3
   Stab: Distracted        |       |       |     1 |       ||     1
 Armour: Scale mail        |    51 |    70 |   138 |    31 ||   290
  Dodge: Dodged            |    29 |    50 |    56 |    22 ||   157
  Block: Buckler           |    13 |    33 |    22 |       ||    68
         Tower shield      |       |       |   209 |   128 ||   337

Table legend: (Time is in decaauts)
 A = Elapsed time spent in this place.
 B = Non-inter-level travel time spent in this place.
 C = Inter-level travel time spent in this place.
 D = Time resting spent in this place.
 E = Time spent auto-exploring this place.
 F = Levels seen in this place.
 G = Mean time per level.
                   A        B        C        D        E       F      G
               +--------+--------+--------+--------+--------+-----+--------+
         Total |  10278 |  10011 |    267 |   2069 |   5848 |  11 |  934.4 |
       Dungeon |   9943 |   9676 |    267 |   2069 |   5686 |  10 |  994.3 |
         Sewer |    335 |    335 |      0 |      0 |    161 |   1 |  335.0 |
               +--------+--------+--------+--------+--------+-----+--------+

Top non-repeatable levels by time:
     D:9: 1566 daAuts
     D:6: 1295 daAuts
     D:8: 1178 daAuts
     D:5: 1140 daAuts
     D:4: 1136 daAuts
     D:3: 1068 daAuts
     D:1: 944 daAuts
     D:2: 808 daAuts
     D:7: 767 daAuts
   Sewer: 335 daAuts
    D:10: 38 daAuts
